 Dungeon Crawl Stone Soup version 0.30-a0-1160-g6e42c06551 (webtiles) character file.

Game seed: 471413580065933509

22432 Mesmaeker13 the Grappler (level 13, -2/110 HPs)
             Began as an Octopode Transmuter on Apr 25, 2023.
             Was an Elder of Wu Jian.
             Slain by a reaper
             ... wielding a +1 scythe of freezing
              (3 damage)
             ... in an ice cave.
             The game lasted 00:30:03 (13479 turns).

Mesmaeker13 the Grappler (Octopode Transmuter)     Turns: 13479, Time: 00:30:04

Health: -2/110     AC: 11    Str: 19    XL:     13   Next: 0%
Magic:  17/21      EV: 15    Int: 23    God:    Wu Jian [****..]
Gold:   873        SH:  0    Dex: 12    Spells: 8/22 levels left

rFire   . . .        F - melded +6 quarterstaff "Juja" {protect, Fly}
rCold   + + +        (shield currently unavailable)
rNeg    . . .        C - melded +1 hat
rPois   +            (no amulet)
rElec   .            i - ring of protection from fire
rCorr   .            b - +6 ring of intelligence
SInv    +            p - ring of poison resistance
Will    .....        B - ring of see invisible
Stlth   +            G - +6 ring of strength
HPRegen 0.38/turn    H - +5 ring of evasion
MPRegen 0.17/turn    (no ring)
                     (no ring)

%: no passive effects
@: ice-form
A: freezing attack, boosted hp, almost no armour, amphibious, 8 rings, large,
(camouflage 1), (gelatinous body 1), (nimble swimmer 1), (tentacles)
a: End Transformation, Renounce Religion, Wall Jump, Serpent's Lash


You were in an ice cave.
You worshipped Wu Jian.
Wu Jian was greatly pleased with you.
You were a creature of crystalline ice.
You visited 3 branches of the dungeon, and saw 15 of its levels.
You also visited: Ice Cave.

You collected 873 gold pieces.

Inventory:

Hand Weapons
 F - the +6 quarterstaff "Juja" (melded) {protect, Fly}
   (You found it on level 6 of the Dungeon)

   Fly:       It grants you flight.
Armour
 C - a +1 hat (melded)
Jewellery
 b - a +6 ring of intelligence (right front paw)
 i - a ring of protection from fire (left front paw)
 p - a ring of poison resistance (on tentacle)
 B - a ring of see invisible (on tentacle)
 G - a +6 ring of strength (on tentacle)
 H - a +5 ring of evasion (on tentacle)
Wands
 I - a wand of paralysis (2)
 L - a wand of roots (11)
 N - a wand of digging (5)
Scrolls
 l - 3 scrolls of teleportation
 m - a scroll of magic mapping
 n - 2 scrolls of fear
 r - 3 scrolls of vulnerability
 v - 4 scrolls of poison
 w - 3 scrolls of amnesia
 y - 3 scrolls of blinking
 M - a scroll of fog
Potions
 a - 4 potions of lignification
 c - 6 potions of curing
 g - 2 potions of magic
 k - a potion of haste
 q - 3 potions of might
 s - 4 potions of brilliance {unknown}
 z - 2 potions of heal wounds
 D - a potion of ambrosia {unknown}
 E - a potion of attraction {unknown}
 O - a potion of flight {unknown}
Miscellaneous
 Q - a phantom mirror (inert)


   Skills:
 + Level 9.9 Fighting
 - Level 2.4 Dodging
 + Level 10.2 Unarmed Combat
 - Level 5.3 Spellcasting
 + Level 4.3 Conjurations
 - Level 4.3 Summonings
 + Level 9.9 Transmutations
 + Level 9.3 Ice Magic
 + Level 4.3 Air Magic


You had 8 spell levels left.
You knew the following spells:

 Your Spells              Type           Power      Damage    Failure   Level
a - Call Canine Familiar  Summ           26%        N/A       4%          3
b - Wereblood             Tmut           51%        N/A       1%          2
c - Ice Form              Ice/Tmut       50%        N/A       1%          4
d - Freezing Cloud        Conj/Ice/Air   16%        6-21      22%         5

Your spell library contained the following spells:

 Spells                   Type           Power      Damage    Failure   Level
 Beastly Appendage        Tmut           100%       N/A       1%          1
 Spider Form              Tmut/Pois      29%        N/A       3%          3
 Ignite Poison            Fire/Tmut/Pois 21%        N/A       7%          3
 Cigotuvi's Dreadful Rot  Necr/Pois/Air  24%        N/A       8%          2
 Portal Projectile        Hex/Tloc       12%        N/A       26%         3
 Iskenderun's Battlesphe  Conj           26%        2d8       38%         5
 Leda's Liquefaction      Hex/Erth       3%         N/A       65%         4
 Iron Shot                Conj/Erth      8%         9d3       99%         6
 Spellforged Servitor     Conj/Summ      13%        N/A       100%        7
 Borgnjor's Revivificati  Necr           3%         N/A       100%        8
 Necromutation            Tmut/Necr      14%        N/A       100%        8
 Death's Door             Necr           3%         N/A       100%        9


Dungeon Overview and Level Annotations

Branches:
Dungeon (12/15)            Temple (1/1) D:5            Lair (2/5) D:10
    Orc (0/2) D:10          IceCv (1/1)
  Swamp: Lair:2-3    Shoals: Lair:2-3     Snake: Lair:2-3    Spider: Lair:2-3

Altars:
Ashenzari
Cheibriados
Dithmenos
Elyvilon
Fedhas
Gozag
Hepliaklqana
Kikubaaqudgha
Makhleb
Nemelex Xobeh
Okawaru
Qazlal
Ru
Sif Muna
Trog
Uskayaw
Vehumet
Wu Jian
Xom
Yredelemnul
Zin
The Shining One

Shops:
D:1 (   D:2 !   D:4 [   D:12 [

Annotations:
D:3 exclusion: door
D:4 exclusions: door and 5 more exclusions
Lair:2 1 transporter


Innate Abilities, Weirdness & Mutations

You are a creature of crystalline ice.
You have a powerful freezing melee attack.
Your maximum health is increased.
Your armour is entirely melded.
You are incapable of wielding weapons or throwing items.
You cannot wear most types of armour.
You are amphibious.
You can wear up to eight rings at the same time.
((Your skin changes colour to match your surroundings (Stealth+).))
((Your rubbery body absorbs attacks. (AC +1, EV +1)))
((You are camouflaged when in or above water. (Stealth+)))
((You have tentacles for arms and can constrict up to eight enemies at once.))


Message History

Unknown command.
You feel much better.
You are engulfed in freezing vapours.
You resist.
Your hound bites the reaper but does no damage.
The reaper completely misses your hound.
Unknown command.
You barely miss the reaper.
The reaper is severely wounded.
You are engulfed in freezing vapours.
You resist.
Your hound closely misses the reaper.
You punch the reaper!
The reaper is almost dead.
You are engulfed in freezing vapours.
You resist.
Your hound barely misses the reaper.
The reaper hits you with a +1 scythe of freezing!!
* * * LOW HITPOINT WARNING * * *
The reaper freezes you.
* * * LOW HITPOINT WARNING * * *
Your hound barely misses the reaper.
You feel much better.
You are engulfed in freezing vapours.
You resist.
* * * LOW HITPOINT WARNING * * *
The reaper closely misses you.
Your hound bites the reaper but does no damage.
You hit the reaper but do no damage.
The reaper is almost dead.
You are engulfed in freezing vapours.
You resist.
* * * LOW HITPOINT WARNING * * *
Your hound bites the reaper but does no damage.
The reaper hits you with a +1 scythe of freezing!
* * * LOW HITPOINT WARNING * * *
You feel much better.
You are engulfed in freezing vapours.
You resist.
Your hound bites the reaper but does no damage.
The reaper hits you with a +1 scythe of freezing!
Your hound barely misses the reaper.
You spin and attack the reaper.
You barely miss the reaper.
The reaper is almost dead.
Your hound barely misses the reaper.
The reaper hits you with a +1 scythe of freezing!!
* * * LOW HITPOINT WARNING * * *
The reaper freezes you.
You die...

.......### ######...###
...#.### ####.......##
..##### ###...........###
...##§####....##.........#
.#.°§§Z#○.§..##..####..○..§#
##○☼☼#....§#........#..§○§..#
.######..☼§###......##.§§§...
..## #.○§☼☼○##......##§§☼...
...# ##§§○..°.○Y#........§..
...# ##§§☼###2h#..###.....#
..## #####....# .. ..##
......# .. ...## ##.##... ##
∩...# ## ..... ....# ##.##
∩..## ... ..##


You could see a reaper (ally target) and a friendly hound (summoned).

Vanquished Creatures
  A hydra (Lair:2)
  3 two-headed ogres
  3 death yaks
  Nergalle (D:10)
  2 cyclopes (D:11)
  2 ice statues (IceCv)
  5 cane toads (Lair:1)
  An unseen horror (D:11)
  3 rime drakes
  2 unseen horror zombies (D:8)
  5 ice devils (IceCv)
  2 komodo dragons
  A freezing wraith (IceCv)
  2 hornets
  5 blink frogs (Lair:1)
  Grinder (D:3)
  Sigmund (D:4)
  2 wyverns (D:9)
  A dire elephant simulacrum (IceCv)
  3 wraiths
  14 yaks
  A steam dragon (D:8)
  Menkaure (D:4)
  Edmund (D:5)
  3 acid dragons
  A hydra simulacrum (IceCv)
  6 water moccasins
  An orc warrior (D:9)
  A hornet zombie (D:8)
  2 ice beasts
  3 black bears
  2 ogres
  3 wolves (Lair:1)
  5 centaurs
  6 bullfrogs
  Blork the orc (D:4)
  A gnoll sergeant (D:7)
  A cane toad simulacrum (IceCv)
  2 necrophages (D:8)
  2 two-headed ogre simulacra (IceCv)
  2 scorpions
  22 wights
  2 wyvern zombies (D:8)
  10 killer bees
  An elephant simulacrum (IceCv)
  2 howler monkeys (D:11)
  A centaur zombie (D:8)
  3 hounds
  A human zombie (D:8)
  3 orc priests
  2 jellies
  A gnoll bouda (D:7)
  6 sleepcaps
  7 iguanas
  4 orc wizards
  A spriggan simulacrum (IceCv)
  2 troll simulacra (IceCv)
  A polar bear simulacrum (IceCv)
  2 wolf simulacra (IceCv)
  A mummy (D:8)
  A howler monkey zombie (D:8)
  8 adders
  13 gnolls (D:7)
  2 naga simulacra (IceCv)
  A river rat (D:3)
  2 white imps
  5 ufetubi
  4 dart slugs
  19 orcs
  12 ball pythons
  5 endoplasms
  6 giant cockroaches
  9 goblins
  9 hobgoblins
  9 jackals
  7 kobolds
  4 quokkas
  3 bats (D:2)
  3 frilled lizards
  10 rats
309 creatures vanquished.

Vanquished Creatures (others)
  2 fungi
2 creatures vanquished.

Grand Total: 311 creatures vanquished

Notes
Turn   | Place    | Note
-------+----------+-------------------------------------------
     0 | D:1      | Mesmaeker13 the Octopode Transmuter began the quest for the
                  | Orb.
     0 | D:1      | Reached XP level 1. HP: 13/13 MP: 3/3
   191 | D:1      | Reached XP level 2. HP: 18/18 MP: 3/5
   223 | D:1      | Learned a level 2 spell: Wereblood
   244 | D:1      | Found Sugro's Weapon Boutique.
   553 | D:1      | Reached XP level 3. HP: 23/23 MP: 4/6
   884 | D:2      | Found Hiveapho's Distillery.
  1510 | D:3      | Reached XP level 4. HP: 22/29 MP: 7/7
  1543 | D:3      | Learned a level 4 spell: Ice Form
  1780 | D:3      | Reached XP level 5. HP: 33/34 MP: 6/8
  2031 | D:3      | Found a shadowy altar of Dithmenos.
  2145 | D:3      | Noticed Grinder
  2191 | D:3      | Reached skill level 1 in Ice Magic
  2247 | D:4      | Noticed Sigmund
  2280 | D:4      | Reached skill level 4 in Unarmed Combat
  2280 | D:4      | Reached XP level 6. HP: 21/41 MP: 7/9
  2836 | D:4      | Noticed Menkaure
  2872 | D:4      | Killed Menkaure
  2922 | D:4      | Reached XP level 7. HP: 46/46 MP: 5/10
  3036 | D:4      | Found Jabocas's Antique Armour Shop.
  3313 | D:4      | Noticed Blork the orc
  3318 | D:4      | Killed Blork the orc
  3614 | D:5      | Entered Level 5 of the Dungeon
  3913 | D:5      | Reached skill level 5 in Unarmed Combat
  4333 | D:5      | Found a staircase to the Ecumenical Temple.
  4342 | D:5      | Noticed Edmund
  4345 | Temple   | Entered the Ecumenical Temple
  4426 | Temple   | Became a worshipper of the Wu Jian Council
  4459 | D:5      | Killed Edmund
  4460 | D:5      | Reached XP level 8. HP: 21/54 MP: 7/11
  4639 | D:5      | Reached skill level 5 in Transmutations
  5381 | D:4      | Killed Sigmund
  5382 | D:4      | Reached skill level 5 in Fighting
  5412 | D:3      | Killed Grinder
  5413 | D:3      | Reached skill level 6 in Unarmed Combat
  5747 | D:6      | Reached XP level 9. HP: 61/61 MP: 6/12
  5831 | D:6      | Reached skill level 5 in Ice Magic
  5946 | D:6      | Found an opulent altar of Gozag.
  5962 | D:6      | Identified the +6 quarterstaff "Juja" {protect, Fly}
  5972 | D:6      | Found an iron altar of Okawaru.
  6409 | D:6      | Found a burning altar of Makhleb.
  6489 | D:7      | Reached * piety under Wu Jian
  6697 | D:7      | Reached skill level 7 in Unarmed Combat
  7449 | D:7      | Reached XP level 10. HP: 69/69 MP: 9/14
  7468 | D:7      | Reached ** piety under Wu Jian
  7603 | D:8      | Found a hide-covered altar of Uskayaw.
  7672 | D:8      | Learned a level 3 spell: Call Canine Familiar
  7979 | D:8      | Found a basalt altar of Yredelemnul.
  7991 | D:8      | Reached skill level 1 in Summonings
  8015 | D:8      | Reached skill level 8 in Unarmed Combat
  8389 | D:9      | Found a blossoming altar of Fedhas.
  8837 | D:9      | Reached *** piety under Wu Jian
  9307 | D:10     | Entered Level 10 of the Dungeon
  9312 | D:10     | Noticed a death yak
  9331 | D:10     | Killed a death yak
  9332 | D:10     | Reached XP level 11. HP: 77/77 MP: 13/17
  9337 | D:10     | Found a staircase to the Lair.
  9344 | D:10     | Noticed a death yak
  9348 | D:10     | Noticed a death yak
  9363 | D:9      | Killed a death yak
  9489 | D:10     | Killed a death yak
  9549 | D:10     | Found a stormy altar of Qazlal.
  9636 | D:10     | Noticed Nergalle
  9647 | D:10     | Killed Nergalle
  9937 | D:10     | Reached skill level 5 in Spellcasting
  9986 | D:10     | Noticed a two-headed ogre
  9991 | D:10     | Killed a two-headed ogre
  9992 | D:10     | Reached skill level 9 in Unarmed Combat
 10176 | D:10     | Noticed a two-headed ogre
 10189 | D:10     | Killed a two-headed ogre
 10360 | D:10     | Found a staircase to the Orcish Mines.
 10666 | D:11     | Noticed a two-headed ogre
 10671 | D:11     | Killed a two-headed ogre
 10751 | D:11     | Learned a level 5 spell: Freezing Cloud
 10890 | D:11     | Noticed a cyclops
 10905 | D:11     | Killed a cyclops
 11140 | D:11     | Reached skill level 1 in Air Magic
 11155 | D:11     | Reached skill level 1 in Conjurations
 11501 | D:12     | Noticed a cyclops
 11501 | D:12     | Found Minyurad's Antique Armour Shop.
 11510 | D:11     | Killed a cyclops
 11511 | D:11     | Reached XP level 12. HP: 72/84 MP: 12/20
 11637 | Lair:1   | Entered Level 1 of the Lair of Beasts
 12646 | Lair:2   | Noticed a five-headed hydra
 12653 | Lair:2   | Killed a five-headed hydra
 12654 | Lair:2   | Reached skill level 10 in Unarmed Combat
 12780 | Lair:2   | Found a transporter.
 12817 | Lair:2   | Found a frozen archway.
 12835 | IceCv    | Entered an ice cave
 12866 | IceCv    | Reached **** piety under Wu Jian
 13326 | IceCv    | Reached XP level 13. HP: 79/92 MP: 19/21
 13458 | IceCv    | Noticed a reaper
 13479 | IceCv    | HP: 1/110 [reaper/+1 scythe of freezing (35)]
 13479 | IceCv    | Slain by a reaper

Illustrated notes

Levels and vault maps discovered:
D:1:      dpeg_cavernosity, layout_loops_ring, serial_shops,
          nicolae_shop_crystal
D:2:      layout_rooms, serial_shops, shop
D:3:      layout_basic, mainiacjoe_overflow_brackets, portal_sewer_entry_e,
          uniq_grinder
D:4:      layout_basic, serial_shops, shop, grunt_ministairs_11,
          uniq_blork_the_orc, uniq_sigmund, uniq_menkaure
D:5:      layout_gridville, minmay_temple_entry_stoned_glass, uniq_edmund
D:6:      layout_rooms, bloody_makhleb, jmf_multi_god_temple, hex_medium
D:7:      layout_basic, grunt_ministairs_15
D:8:      layout_rooms, lemuel_mausoleum_altar_yredelemnul,
          mainiacjoe_overflow_catwalk, kennysheep_generic_room_15
D:9:      layout_stronghold, amcnicky_altar_gilded, serial_column_ruins,
          column_ruins_hut, column_ruins_circle_small, column_ruins_corridor_T,
          column_ruins_corridor_corner, column_ruins_open_tiny,
          column_ruins_open_tiny, column_ruins_grid_1,
          column_ruins_columns_dead_end
D:10:     layout_loops_ring, grunt_qazlal_sundering, dpeg_lair_monsters,
          orc_0_dummy, uniq_nergalle
D:11:     layout_gridville
D:12:     layout_big_octagon, muffindrake_ghost_dual_entry,
          gauntlet_entry_generic, serial_shops, nicolae_shop_scrapyard,
          nicolae_shop_real_fake_doors, shop, shop_coins
Temple:   compressed_dpeg_circular_temple
Lair:1:   layout_misc_corridors, grunt_megastairs_3
Lair:2:   layout_cave_pods, nicolae_shoals_entry_flooding,
          nicolae_spider_entry_non_spiders, gammafunk_ghost_berserking_beasts,
          portal_ice_cave_rime, beast_lair_carwin_2
IceCv:    ice_cave_small_demon

Skill      XL: |  1  2  3  4  5  6  7  8  9 10 11 12 |
---------------+-------------------------------------+-----
Fighting       | 2 3 4 5 6 8 9 |  9.9
Transmutations | 3 4 5 7 8 9 |  9.9
Ice Magic      | 1 2 3 4 6 7 8 9 |  9.3
Unarmed Combat | 4 5 6 7 8 9 10 | 10.2
Spellcasting   | 4 5 |  5.3
Summonings     | 3 4 |  4.3
Air Magic      | 1 4 |  4.3
Conjurations   | 1 4 |  4.3
Dodging        | |  2.4

Action                     |  1- 3 |  4- 6 |  7- 9 | 10-12 | 13-15 || total
---------------------------+-------+-------+-------+-------+-------++-------
  Melee: Unarmed           |    81 |    74 |   217 |   418 |    16 ||   806
         Tentacles         |    22 |    15 |    15 |     3 |       ||    55
         Kick              |    21 |    22 |    21 |       |       ||    64
         Constrict         |    21 |    21 |    19 |     4 |       ||    65
         Punch             |     3 |     2 |       |       |       ||     5
         Quarterstaff      |       |       |     4 |    13 |       ||    17
  Throw: Dart              |     3 |     1 |       |       |       ||     4
         Javelin           |       |     1 |     4 |       |       ||     5
   Cast: Beastly Appendage |    26 |    20 |    18 |       |       ||    64
         Wereblood         |     2 |     3 |     9 |    20 |       ||    34
         Ice Form          |       |     2 |    25 |    35 |     1 ||    63
         Call Canine Famil |       |       |       |     4 |     1 ||     5
         Freezing Cloud    |       |       |       |     1 |       ||     1
 Invoke: Serpent's Lash    |       |       |       |     1 |       ||     1
Ability: Lunge             |       |       |    23 |    32 |     1 ||    56
         Whirlwind         |       |       |     1 |     3 |     1 ||     5
  Evoke: Wand              |       |       |       |    32 |       ||    32
         Phantom mirror    |       |       |       |     1 |       ||     1
    Use: Scroll            |     3 |     3 |     5 |    10 |       ||    21
         Potion            |     1 |     3 |       |       |     4 ||     8
   Stab: Sleeping          |     5 |       |     2 |       |       ||     7
         Distracted        |       |       |       |     1 |       ||     1
         Paralysed         |       |       |       |     8 |       ||     8
 Armour: Skin              |     5 |     3 |    36 |    93 |     1 ||   138
  Dodge: Dodged            |    49 |    46 |    89 |   255 |     5 ||   444

Table legend: (Time is in decaauts)
 A = Elapsed time spent in this place.
 B = Non-inter-level travel time spent in this place.
 C = Inter-level travel time spent in this place.
 D = Time resting spent in this place.
 E = Time spent auto-exploring this place.
 F = Levels seen in this place.
 G = Mean time per level.
                   A        B        C        D        E       F      G
               +--------+--------+--------+--------+--------+-----+--------+
         Total |  13398 |  12762 |    636 |   1538 |   8145 |  16 |  837.4 |
       Dungeon |  11497 |  10928 |    569 |   1100 |   7351 |  12 |  958.1 |
        Temple |     95 |     82 |     13 |      0 |     63 |   1 |   95.0 |
          Lair |   1179 |   1125 |     54 |    109 |    708 |   2 |  589.5 |
      Ice Cave |    626 |    626 |      0 |    329 |     23 |   1 |  626.0 |
               +--------+--------+--------+--------+--------+-----+--------+

Top non-repeatable levels by time:
     D:5: 1610 daAuts
     D:4: 1540 daAuts
    D:11: 1133 daAuts
     D:9: 1089 daAuts
    D:10: 1076 daAuts
     D:7: 1004 daAuts
  Lair:1: 939 daAuts
     D:3: 892 daAuts
     D:1: 879 daAuts
     D:8: 819 daAuts
     D:6: 806 daAuts
   IceCv: 626 daAuts
     D:2: 605 daAuts
  Lair:2: 239 daAuts
  Temple: 95 daAuts
